 Dungeon Crawl Stone Soup version 0.31.0-11-ge490571c62 (webtiles) character file.

Game seed: 17082505415365361253

62 Arcadio the Trooper (level 4, 0/49 HPs)
             Began as an Oni Delver on Jan 26, 2024.
             Succumbed to a kobold's poison
             ... on level 4 of the Dungeon.
             The game lasted 00:00:33 (67 turns).

Arcadio the Trooper (Oni Delver)                      Turns: 67, Time: 00:00:34

Health: 0/49       AC:  3    Str: 24    XL:     4   Next: 8%
Magic:  4/4        EV: 10    Int: 11    God:
Gold:   0          SH:  0    Dex: 10    Spells: 3/3 levels left

rFire   . . .        a - +0 mace
rCold   . . .        (no shield)
rNeg    . . .        b - +0 robe
rPois   .            (helmet restricted)
rElec   .            (no cloak)
rCorr   .            (gloves unavailable)
SInv    .            (boots unavailable)
Will    .....        (no amulet)
Stlth   ++           h - +6 ring of strength
HPRegen 0.28/turn    (no ring)
MPRegen 0.09/turn

%: no passive effects
@: lethally poisoned (0 -> -2)
A: large, unfitting armour, horns 1, tough skin 1, double potion healing,
drunken brawling
a: no special abilities


You were on level 4 of the Dungeon.
You visited 1 branch of the dungeon, and saw 2 of its levels.

Inventory:

Hand Weapons
 a - a +0 mace (weapon)
Armour
 b - a +0 robe (worn)
Jewellery
 h - a +6 ring of strength (left hand)
Wands
 g - a wand of digging (3)
Scrolls
 c - a scroll of fog
 d - a scroll of revelation
 e - a scroll of fear
 i - a scroll of identify {unknown}
Potions
 f - a potion of haste


   Skills:
 + Level 4.7 Fighting
 + Level 2.7 Maces & Flails
 + Level 2.4 Dodging
 + Level 4.0 Stealth


You had 3 spell levels left.
You didn't know any spells.
Your spell library was empty.

Dungeon Overview and Level Annotations

Branches:
Dungeon (5/15)
 Temple: D:4-7

Altars:


Innate Abilities, Weirdness & Mutations

You are too large for most types of armour.
You have a pair of small horns on your head.
You have tough skin. (AC +1)
You gain doubled healing and magic from potions.
Whenever you drink a healing potion, you attack all around you.


Message History

The stream of webbing hits you but does no damage.
You are caught in a web!
The ribbon worm expels a string of sticky webbing.
The stream of webbing hits you but does no damage.
You are even more entangled.
The web tears apart.
The ribbon worm bites you.
You barely miss the ribbon worm.
The ribbon worm is lightly wounded.
The ribbon worm bites you.
You hit the ribbon worm.
The ribbon worm is moderately wounded.
The ribbon worm barely misses you. The ribbon worm bites you.
You hit the ribbon worm.
The ribbon worm is heavily wounded.
The ribbon worm bites you. x2
You completely miss the ribbon worm.
The ribbon worm is heavily wounded.
The ribbon worm bites you! The ribbon worm misses you.
You hit the ribbon worm.
The ribbon worm is heavily wounded.
The ribbon worm bites you. x2
You sock the ribbon worm!
You kill the ribbon worm!
The ribbon worm bites you.
* * * LOW HITPOINT WARNING * * *
A kobold comes into view.
It is wielding a +0 antimagic dagger and quivering poisoned darts.
The kobold throws a poisoned dart.
The poisoned dart hits you!
You are lethally poisoned!
* * * LOW HITPOINT WARNING * * *
You feel sick.
* * * LOW HITPOINT WARNING * * *
You feel sick.
Okay, then.
* * * LOW HITPOINT WARNING * * *
You feel sick.
* * * LOW HITPOINT WARNING * * *
You feel sick.
* * * LOW HITPOINT WARNING * * *
You feel sick.
You die...

.###...#..#...##
##.##..# ## #
####...#.># .# #.
.....#....##.# # #.
###...#.....#
.#.##.#######........#
..................##....
...............#..# ####
............##.#@.#
..###...###....#..#
##.## ##.†.w..# S..
#.#.#.## .J.. #.#.#.#
#.... ..#w#.# ......
..##.#K# ##.#.. ..#
#†..# #..K..>..#


You could see a ribbon worm and a kobold.

Vanquished Creatures
  A hound (D:4)
  A jelly (D:4)
  A ribbon worm (D:4)
  An endoplasm (D:4)
4 creatures vanquished.

Notes
Turn   | Place    | Note
-------+----------+-------------------------------------------
     0 | D:5      | Arcadio the Oni Delver began the quest for the Orb.
     0 | D:5      | Reached XP level 1. HP: 24/24 MP: 1/1
    29 | D:4      | Noticed a jelly
    37 | D:4      | Noticed a hound
    42 | D:4      | Killed a hound
    43 | D:4      | Reached XP level 2. HP: 32/33 MP: 2/2
    43 | D:4      | Reached XP level 3. HP: 38/40 MP: 3/3
    52 | D:4      | Reached XP level 4. HP: 34/49 MP: 4/4
    65 | D:4      | HP: 2/49 [poisoned by a kobold]
    67 | D:4      | Succumbed to a kobold's poison

Illustrated notes

Levels and vault maps discovered:
D:4:      layout_loops_ring, mainiacjoe_overflow_catwalk_spiral,
          minmay_temple_entry_tees, serial_demonic, serial_demonic_g,
          serial_demonic_a, serial_demonic_b, serial_demonic_f,
          serial_demonic_g, serial_demonic_f, serial_demonic_b,
          serial_demonic_f, minmay_three_crescents, uniq_blork_the_orc
D:5:      layout_loops_ring, uniq_grinder

Skill      XL: |  1  2  3 |
---------------+----------+-----
Dodging        | 2 |  2.4
Stealth        | 4 |  4.0
Fighting       | |  4.7
Maces & Flails | |  2.7

Action                     |  1- 3 |  4- 6 || total
---------------------------+-------+-------++-------
  Melee: Mace              |     6 |     7 ||    13
         Headbutt          |     2 |       ||     2
 Armour: Robe              |     4 |     9 ||    13
  Dodge: Dodged            |     3 |     2 ||     5
